Frizzbo, neutral female gnomish Wizard --------------- |..........*..| # ##..............| ---------- # |.............| |........|############ # |.............| #.<.......|# --|------ # -.-.----------- #|........|# #######........| # # # #--------.-# |........# # #################`I####`######*g##### #........|# # # # # ###---------# # # # # # # # # # # ### # # # ### % o ## # # ---------# # # # ----*- ### # |.......-# ### -----# |jG[%| # # |.......|################# |/*.|# |[TD%|#### # ----- |....%...# ---.------# ##-...|# |.i..|#######################....| |.......| |........|# # |...-# ------# # |>..| |.......| |.........#######....| ##....| --------- ---------- ----- ----- # Frizzbo the Enchantress Experience level: 14 Strength: 25 Dexterity: 18 Constitution: 18 Intelligence: 17 Wisdom: 17 Charisma: 12 Health: 0(119) Energy: 136(155) Def: 11 Gold: 0 Moves: 29297 Dungeon seed: 35PkeSzAi0aekWhy Game ID: Frizzbo_1466705861 Your Inventory: Amulets v - the blessed Eye of the Aethiopica (being worn) Y - a cursed amulet of restful sleep Weapons q - the blessed rustproof +2 Magicbane (weapon in hand) C - 16 uncursed +0 darts (in quiver) Armor i - a blessed +3 cloak of magic resistance (being worn) n - an uncursed +0 pair of gauntlets of power (being worn) G - an uncursed +0 elven leather helm (being worn) U - an uncursed +0 pair of high boots (being worn) W - an uncursed +0 studded leather armor (being worn) Comestibles a - 2 uncursed tins of troll meat Q - 2 uncursed eggs Scrolls t - an uncursed scroll of fire F - an uncursed scroll of scare monster H - 6 uncursed scrolls of light Potions b - 2 uncursed potions of booze g - an uncursed potion of monster detection z - 2 uncursed potions of fruit juice Rings c - an uncursed +1 ring of increase accuracy (on left hand) d - an uncursed +2 ring of increase damage (on right hand) h - an uncursed +2 ring of gain constitution j - an uncursed ring of stealth o - an uncursed ring of searching y - an uncursed ring of sustain ability J - an uncursed +1 ring of adornment T - an uncursed ring of polymorph control Z - a cursed ring of invisibility Wands r - an uncursed wand of undead turning (0:3) K - an uncursed wand of nothing (0:7) Tools e - a blessed +0 unicorn horn s - a blessed bag of holding u - an uncursed pair of lenses (being worn) w - an uncursed magic whistle x - the uncursed Bell of Opening (0:3) D - an uncursed tinning kit (0:15) O - an uncursed blindfold Gems k - 3 uncursed amethyst stones m - 3 uncursed diamonds A - 4 uncursed worthless pieces of blue glass B - 4 uncursed emeralds E - a blessed luckstone L - an uncursed agate stone M - 7 uncursed worthless pieces of red glass N - an uncursed black opal P - 3 uncursed rubies R - 3 uncursed worthless pieces of white glass S - 2 uncursed chrysoberyl stones V - an uncursed citrine stone X - 2 uncursed worthless pieces of yellowish brown glass Contents of the bag of holding: 1274 gold pieces an uncursed +0 dwarvish mattock an uncursed +2 mummy wrapping an uncursed -1 pair of levitation boots an uncursed clove of garlic 11 uncursed food rations 3 uncursed lizard corpses 5 uncursed tins of tengu meat an uncursed tripe ration 3 blessed scrolls of blank paper 8 uncursed scrolls of blank paper 3 cursed scrolls of blank paper an uncursed scroll of charging 3 uncursed scrolls of create monster an uncursed scroll of earth an uncursed scroll of enchant armor an uncursed scroll of gold detection 6 uncursed scrolls of teleportation an uncursed spellbook of detect monsters an uncursed spellbook of magic mapping an uncursed spellbook of remove curse an uncursed potion of acid an uncursed potion of blindness 2 uncursed potions of extra healing 2 blessed potions of gain energy an uncursed potion of gain energy 4 potions of holy water an uncursed potion of object detection an uncursed potion of restore ability a cursed potion of sickness an uncursed ring of free action an uncursed wand of digging (0:8) an uncursed wand of digging (0:6) an uncursed wand of lightning (0:5) an uncursed wand of lightning (0:5) an uncursed wand of magic missile (0:5) an uncursed wand of magic missile (0:5) an uncursed wand of make invisible (0:6) an uncursed wand of make invisible (0:3) an uncursed wand of nothing (0:5) an uncursed wand of opening (0:2) an uncursed wand of secret door detection (0:12) an uncursed wand of secret door detection (0:12) an uncursed wand of speed monster (0:7) an uncursed wand of speed monster (0:3) an uncursed wand of striking (0:4) an uncursed brass lantern (0:480) an uncursed mirror 2 uncursed tallow candles (0:200) an uncursed +0 unicorn horn an uncursed +0 unicorn horn an uncursed +0 unicorn horn 5 uncursed wax candles (0:400) an uncursed fluorite stone 5 uncursed topaz stones an uncursed turquoise stone Spells and supernatural/magical abilities: Name Level Category Fail Memory a - force bolt 1 attack 10% 51% h - healing 1 healing 10% 99% i - invisibility 4 escape 100% 99% k - knock 1 matter 10% 57% l - light 1 divination 10% 47% m - magic missile 2 attack 0% 63% n - detect monsters 1 divination 10% 34% p - protection 1 clerical 10% 92% r - remove curse 3 clerical 86% 8% t - teleport away 6 escape 100% 62% w - wizard lock 2 matter 10% 48% x - extra healing 3 healing 86% 99% z - sleep 1 enchantment 10% 99% A - create familiar 6 clerical 100% 99% B - cure blindness 2 healing 21% 59% C - cancellation 7 matter 100% 73% D - drain life 2 attack 10% 59% E - detect food 2 divination 10% 48% G - detect treasure 4 divination 11% 69% H - haste self 3 escape 86% 46% M - magic mapping 5 divination 24% 28% O - create monster 2 clerical 21% 98% U - detect unseen 3 divination 10% 75% W - pray for help -- divine ? -- Your skills at the end: Fighting Skills Weapon Skills dagger [Expert] quarterstaff [Basic] Spellcasting Skills attack spells [Expert] divination spells [Skilled] enchantment spells [Basic] matter spells [Basic] Final Attributes: You were piously aligned. You were fire resistant. You were cold resistant. You were sleep resistant. You were shock resistant. You were poison resistant. You were magic-protected. You saw invisible. You were telepathic. You had infravision. You were invisible to others. You had a +1 bonus to hit. You had a +2 damage bonus. You were fast. You were extremely lucky. You had extra luck. Good luck did not time out for you. You are dead. Vanquished creatures: a balrog a purple worm a silver dragon a white dragon a blue dragon a green dragon The Dark One a stone golem a Nazgul a pit fiend a titanothere a guardian naga 2 vampire lords an Aleax 4 black puddings a vampire a ghost 5 giant mimics an ogre king a large mimic a wumpus 3 stalkers a water elemental a giant mummy 9 xorns 7 wargs 4 small mimics 4 xans 5 ettin mummies an ogre lord 2 quantum mechanics 6 trolls a sasquatch 2 wood golems a gelatinous cube a pyrolisk a large dog 2 freezing spheres a flaming sphere 2 large cats 5 tigers 4 gargoyles 14 tengu a leocrotta 2 mountain centaurs 3 stone giants an elf mummy 2 human mummies 2 red nagas 3 wraiths a carnivorous ape 2 ettin zombies an incubus a chameleon 3 giant beetles 3 quivering blobs 10 cockatrices 4 wolves 2 winter wolf cubs 3 panthers 3 gremlins 3 spotted jellies 4 leprechauns an orc-captain an iron piercer a mumak 3 giant spiders a scorpion 3 ice vortices 64 vampire bats a forest centaur 2 gnome kings 3 dwarf mummies 3 ogres a rust monster 2 owlbears 3 yetis a gold golem 7 lizards a dog 2 housecats 7 jaguars a blue jelly 2 white unicorns 3 black unicorns 2 dust vortices 5 ravens a gnome mummy 2 snakes 18 water moccasins 6 human zombies 2 rope golems 2 Woodland-elves 6 soldier ants 3 fire ants 7 bugbears 5 imps a lemure 3 quasits a wood nymph 2 water nymphs 2 mountain nymphs 10 Mordor orcs 18 Uruk-hai 3 orc shamans 6 rock piercers 5 rock moles 2 ponies 5 fog clouds 4 yellow lights 4 shriekers 3 violet fungi a kobold mummy a gray ooze 3 barrow wights 12 elf zombies 3 ghouls 4 straw golems a paper golem 2 baby crocodiles 7 giant ants 2 little dogs 13 floating eyes 2 dwarves 13 homunculi 2 kobold lords 3 kobold shamans 12 hill orcs 9 rothes 3 rabid rats a centipede 15 giant bats a monkey 4 orc zombies 8 dwarf zombies 2 werejackals 13 iguanas 2 killer bees 4 acid blobs 4 coyotes 6 gas spores 11 hobbits 12 manes 3 large kobolds 10 hobgoblins 10 giant rats 15 cave spiders 2 brown molds 4 yellow molds 3 green molds 5 red molds 5 gnomes 6 garter snakes 8 gnome zombies 12 geckos 19 jackals 5 foxes 4 kobolds 8 goblins 6 sewer rats 18 grid bugs 14 bats 13 lichens a kobold zombie 16 newts 764 creatures vanquished. Genocided species: disenchanters 1 species genocided. Voluntary challenges: You used a wielded weapon 1098 times, starting on turn 20. You read items or engraved 288 times, starting on turn 561. You genocided 1 type of monster, starting on turn 27984. You never polymorphed an object. You changed form 1 time, starting on turn 19662. You used no wishes. You split 3 puddings, starting on turn 22096. You wrote Elbereth's name 5 times, starting on turn 11335. You violated your moral code, losing 31 points of alignment, starting on turn 12223. Dungeon overview: The Dungeons of Doom: levels 1 to 23 Level 1 a long staircase Level 2 a general store, a fountain, a sink stairs to The Gnomish Mines Level 3 a potion shop Level 4 Level 5 an altar to Anhur, a fountain, a sink Level 6 an altar to Thoth Level 7 a general store Level 8 Level 9 many fountains Level 10 stairs to Sokoban Level 11 a general store, an altar to Thoth, a fountain, a sink Level 12 a fountain Level 13 a sink Level 14 a sink Level 15 portal to The Quest Level 16 Level 17 Level 18 a fountain Level 19 a fountain Level 20 Level 21 an armor shop, a fountain Level 22 some fountains Level 23 <- You were here a throne The Gnomish Mines: levels 3 to 10 Level 3 stairs to The Dungeons of Doom Level 4 Level 5 Level 6 many shops, a temple to Thoth, some fountains Level 7 Level 8 Level 9 Level 10 some fountains The Quest: levels 1 to 5 Level 1 a throne portal to The Dungeons of Doom Level 2 Level 3 Level 4 Level 5 a temple to Ptah Sokoban: levels 6 to 9 Level 6 Level 7 Level 8 Level 9 stairs to The Dungeons of Doom History has recorded: On T:1 you entered the Dungeons of Doom to retrieve the Amulet of Yendor! On T:651 you reached level 2 of The Dungeons of Doom. On T:1117 you advanced to experience level 2. On T:1342 you advanced to experience level 3. On T:1378 you reached level 1 of The Gnomish Mines. On T:1769 you advanced to experience level 4. On T:1807 you reached level 2 of The Gnomish Mines. On T:2677 you reached level 3 of The Gnomish Mines. On T:3140 you reached level 4 of The Gnomish Mines. On T:3321 you advanced to experience level 5. On T:3660 you advanced to experience level 6. On T:5284 you advanced to experience level 7. On T:5371 you received Magicbane from Thoth. On T:6150 you reached level 3 of The Dungeons of Doom. On T:6909 you reached level 4 of The Dungeons of Doom. On T:7544 you reached level 5 of The Dungeons of Doom. On T:8141 you reached level 6 of The Dungeons of Doom. On T:9009 you reached level 7 of The Dungeons of Doom. On T:9484 you advanced to experience level 8. On T:9688 you reached level 8 of The Dungeons of Doom. On T:10352 you reached level 9 of The Dungeons of Doom. On T:10846 you reached level 10 of The Dungeons of Doom. On T:10980 you advanced to experience level 9. On T:11113 you reached level 4 of Sokoban. On T:12556 you advanced to experience level 10. On T:12569 you reached level 3 of Sokoban. On T:13483 you reached level 2 of Sokoban. On T:13830 you reached level 1 of Sokoban. On T:16789 you reached level 5 of The Gnomish Mines. On T:17252 you reached level 6 of The Gnomish Mines. On T:17713 you reached level 7 of The Gnomish Mines. On T:18291 you reached level 8 of The Gnomish Mines. On T:20524 you reached level 11 of The Dungeons of Doom. On T:21058 you reached level 12 of The Dungeons of Doom. On T:21163 you advanced to experience level 11. On T:21472 you reached level 13 of The Dungeons of Doom. On T:22032 you reached level 14 of The Dungeons of Doom. On T:22242 you reached level 15 of The Dungeons of Doom. On T:22641 you reached level 1 of The Quest. On T:22671 you advanced to experience level 12. On T:22832 you advanced to experience level 13. On T:22833 you advanced to experience level 14. On T:22875 you embarked upon an epic quest. On T:22901 you reached level 2 of The Quest. On T:23661 you reached level 3 of The Quest. On T:24758 you reached level 4 of The Quest. On T:24940 you reached level 5 of The Quest. On T:26174 you killed Dark One on level 5 of The Quest. On T:26485 you completed the quest! On T:26876 you reached level 16 of The Dungeons of Doom. On T:27140 you reached level 17 of The Dungeons of Doom. On T:27524 you reached level 18 of The Dungeons of Doom. On T:27834 you reached level 19 of The Dungeons of Doom. On T:28052 you reached level 20 of The Dungeons of Doom. On T:28201 you reached level 21 of The Dungeons of Doom. On T:28589 you reached level 22 of The Dungeons of Doom. On T:29044 you reached level 23 of The Dungeons of Doom. Score breakdown: Gold: 1274 (10563 points) Experience: 14 levels (20086 points) Exploration: 23 levels ( 45.10%) (19899 points) Discoveries: 89 items ( 31.01%) (16706 points) Valuables value: (no points given unless you survive) Artifact value: 12500 (13936 points) Variety of kills: 165 monsters ( 43.31%) (19742 points) Turncount: 29297 turns (-3966 points) Survival: died (score multiplied by 80%) Total score: 77572 Latest messages: The invisible quasit hits the giant bat. (2x) The invisible quasit's sting was poisoned! The giant bat is killed! The invisible quasit hits the bugbear. The invisible quasit misses the bugbear. (2x) You kill the Mordor orc! The magic missile hits the troll! The magic missile bounces! You kill the troll! The troll hits! (2x) The troll bites! The invisible quasit hits the bugbear. (2x) The invisible quasit misses the bugbear. The bugbear misses the invisible quasit. You kill the bugbear! The magic missile bounces! The magic missile whizzes by you! The troll hits! (2x) The troll bites! You die... Final status: Goodbye Frizzbo the Wizard, killed by a troll... You died in The Dungeons of Doom on dungeon level 23 with 77572 points, and 1274 pieces of gold, after 29297 moves. You were level 14 with a maximum of 119 hit points when you died.